[Event "FIDE World Junior U20-ch Girls 2025"]
[Site "Petrovac"]
[Date "2025.02.28"]
[Round "3.29"]
[White "Tarasenka, Aliaksandra"]
[Black "Seyilhanova, Gulmira"]
[Result "1/2-1/2"]
[Annotator "ChessBase"]
[ECO "B06"]
[WhiteElo "2139"]
[BlackElo "1939"]
[PlyCount "118"]
[EventDate "2025.02.23"]
[EventType "swiss"]
[EventCountry "MNE"]
[SourceTitle "playchess.com"]
[Source "ChessBase"]
[SourceQuality "1"]
[TimeControl "40/5400+30:1800+30"]

1. e4 g6 2. d4 Bg7 3. Nc3 d6 4. Be3 c6 5. a4 Nf6 6. Nf3 O-O 7. h3 e5 8. dxe5 dxe5 9. Bc5 Re8 10. Qxd8 Rxd8 11. Bc4 Nbd7 12. O-O-O Re8 13. Bd6 h6 14. g4 Nh7 15. a5 Nhf8 16. b4 Ne6 17. b5 Nd4 18. Rd3 Nf8 19. bxc6 bxc6 20. Rhd1 Nxf3 21. Rxf3 Be6 22. Be2 g5 23. Na4 Ng6 24. Nc5 Nf4 25. Ba6 Bc8 26. Bc4 h5 27. gxh5 Bxh3 28. Rg3 Bh6 29. Rdg1 Rad8 30. Rxg5+ Kh7 31. Bxf7 Ng2 32. f4 exf4 33. Bg6+ Kh8 34. R1xg2 Bxg2 35. Rf5 Rxd6 36. Bxe8 f3+ 37. Kb2 Be3 38. Nd3 Rxd3 39. cxd3 f2 40. Bxc6 f1=Q 41. Rxf1 Bxf1 42. Kc3 Be2 43. Be8 Kg7 44. Kc4 Kf6 45. a6 Ke5 46. Bf7 Kd6 47. Be8 Ke7 48. Bg6 Kd7 49. Bf7 Kc6 50. Be8+ Kb6 51. Bg6 Kc6 52. Be8+ Kd6 53. Bf7 Ke7 54. Bg6 Kf6 55. Be8 Kg5 56. Bf7 Bb6 57. Be8 Be3 58. Bf7 Kf6 59. Be8 Ke5 1/2-1/2

[Event "FIDE World Junior U20-ch Girls 2025"]
[Site "Petrovac"]
[Date "2025.02.28"]
[Round "3.30"]
[White "Nguyen, Binh Vy"]
[Black "Valcu, Lavinia"]
[Result "1/2-1/2"]
[Annotator "ChessBase"]
[ECO "B90"]
[WhiteElo "1926"]
[BlackElo "2137"]
[PlyCount "112"]
[EventDate "2025.02.23"]
[EventType "swiss"]
[EventCountry "MNE"]
[SourceTitle "playchess.com"]
[Source "ChessBase"]
[SourceQuality "1"]
[TimeControl "40/5400+30:1800+30"]

1. e4 c5 2. Nf3 d6 3. d4 cxd4 4. Nxd4 Nf6 5. Nc3 a6 6. f3 e5 7. Nb3 Be6 8. Be3 h5 9. Qd2 Nbd7 10. Nd5 Bxd5 11. exd5 g6 12. Be2 Rc8 13. c4 Be7 14. Na5 Qc7 15. b4 e4 16. f4 Ng4 17. Bd4 Bf6 18. O-O O-O 19. h3 Nh6 20. g4 hxg4 21. hxg4 Bxd4+ 22. Qxd4 b5 23. Nc6 Nb8 24. Nxb8 Rxb8 25. c5 Qe7 26. Kg2 f5 27. Rh1 Qg7 28. Qxg7+ Kxg7 29. g5 Ng4 30. Bxg4 fxg4 31. Kg3 Rf5 32. Rad1 Rbf8 33. Rhf1 e3 34. Rfe1 Rxf4 35. Rxe3 a5 36. cxd6 axb4 37. Rde1 R4f5 38. Re7+ R8f7 39. Rd1 Kf8 40. Re4 Rxg5 41. Rxb4 Rf3+ 42. Kg2 Re5 43. Rd2 Ree3 44. Rxg4 Rd3 45. Rxg6 Rxd2+ 46. Kxf3 Ke8 47. Ke4 Rxa2 48. Kd4 Kd7 49. Kc5 Rc2+ 50. Kb4 Rd2 51. Kc5 Rc2+ 52. Kxb5 Rc1 53. Kb4 Rc2 54. Rg3 Kxd6 55. Rc3 Rxc3 56. Kxc3 Kxd5 1/2-1/2

[Event "FIDE World Junior U20-ch Girls 2025"]
[Site "Petrovac"]
[Date "2025.02.28"]
[Round "3.31"]
[White "Peglau, Dora"]
[Black "Nguyen Thien Ngan"]
[Result "0-1"]
[Annotator "ChessBase"]
[ECO "E05"]
[WhiteElo "2134"]
[BlackElo "1923"]
[PlyCount "100"]
[EventDate "2025.02.23"]
[EventType "swiss"]
[EventCountry "MNE"]
[SourceTitle "playchess.com"]
[Source "ChessBase"]
[SourceQuality "1"]
[TimeControl "40/5400+30:1800+30"]

1. c4 e6 2. g3 d5 3. Bg2 Nf6 4. Nf3 Be7 5. O-O O-O 6. d4 dxc4 7. Ne5 Nc6 8. Bxc6 bxc6 9. Nxc6 Qd6 10. Qa4 Bb7 11. Nxe7+ Qxe7 12. Qxc4 e5 13. dxe5 Qxe5 14. Nc3 c5 15. Be3 Rac8 16. Rfd1 Rfe8 17. Rac1 Qf5 18. Qh4 h6 19. h3 Re6 20. g4 Qe5 21. g5 hxg5 22. Bxg5 Ne4 23. Nxe4 Bxe4 24. Qf4 Qxb2 25. Rd7 Bg6 26. Rxa7 Qxe2 27. a4 Qd3 28. Kh2 Re4 29. Qg3 Qd5 30. Be3 c4 31. Rc3 Rce8 32. Rc7 R8e6 33. Rc5 Qd7 34. R5xc4 Rxc4 35. Rxc4 Be4 36. Rc5 Re8 37. a5 Qd1 38. Rc1 Qa4 39. Rg1 g6 40. Bb6 Bf5 41. Qd6 Re6 42. Qd8+ Re8 43. Qf6 Qf4+ 44. Rg3 Re2 45. Qd8+ Kh7 46. Qd4 Be4 47. h4 Re1 48. f3 Re2+ 49. Kh3 Bf5+ 50. Rg4 Rh2# 0-1

[Event "FIDE World Junior U20-ch Girls 2025"]
[Site "Petrovac"]
[Date "2025.02.28"]
[Round "3.32"]
[White "Hernandez, Lexie Grace"]
[Black "Ter-Avetisjana, Agnesa Stepania"]
[Result "0-1"]
[Annotator "ChessBase"]
[ECO "D00"]
[WhiteElo "1892"]
[BlackElo "2133"]
[PlyCount "98"]
[EventDate "2025.02.23"]
[EventType "swiss"]
[EventCountry "MNE"]
[SourceTitle "playchess.com"]
[Source "ChessBase"]
[SourceQuality "1"]
[TimeControl "40/5400+30:1800+30"]

1. d4 d5 2. Bf4 Nf6 3. e3 Bf5 4. Bd3 e6 5. Nf3 Nbd7 6. h3 Be7 7. Nbd2 c6 8. O-O O-O 9. Bxf5 exf5 10. c4 dxc4 11. Nxc4 Nd5 12. Bh2 N7b6 13. Nfe5 f6 14. Nxb6 axb6 15. Nd3 Bd6 16. Bxd6 Qxd6 17. Qb3 Kh8 18. a3 Ra5 19. Rac1 h6 20. Qd1 f4 21. e4 Nc7 22. Ne1 Re8 23. Qd3 Qe7 24. f3 f5 25. Qd2 Qd6 26. Qd3 Ne6 27. Rd1 Ng5 28. e5 Qg6 29. Kh1 Rd5 30. Qd2 Ne6 31. Qb4 b5 32. a4 Red8 33. axb5 Rxb5 34. Qc3 Rxe5 35. dxe5 Rxd1 36. Qb3 Rd7 37. Nd3 Qe8 38. Re1 Qe7 39. Ra1 Rd5 40. Ra7 Qd7 41. Ra3 Kh7 42. Kh2 c5 43. Qc4 b5 44. Qa2 c4 45. Nf2 Rd2 46. Nh1 Nd4 47. Kg1 Rd1+ 48. Kh2 Ne2 49. Nf2 Qd4 0-1

[Event "FIDE World Junior U20-ch Girls 2025"]
[Site "Petrovac"]
[Date "2025.02.28"]
[Round "3.33"]
[White "Shokirjonova, Barchinoy"]
[Black "Ajradinoska, Indzi"]
[Result "1-0"]
[Annotator "ChessBase"]
[ECO "D37"]
[WhiteElo "2061"]
[BlackElo "1761"]
[PlyCount "57"]
[EventDate "2025.02.23"]
[EventType "swiss"]
[EventCountry "MNE"]
[SourceTitle "playchess.com"]
[Source "ChessBase"]
[SourceQuality "1"]
[TimeControl "40/5400+30:1800+30"]

1. d4 e6 2. c4 Nf6 3. Nf3 Be7 4. Nc3 d5 5. Bf4 O-O 6. e3 b6 7. a3 Bb7 8. cxd5 exd5 9. Bd3 Nbd7 10. O-O Ne4 11. Qc2 f5 12. Nb5 Rf6 13. Qxc7 Qxc7 14. Nxc7 Raf8 15. Ne5 Nxe5 16. Bxe5 Rh6 17. Rac1 Rd8 18. Nb5 a6 19. Rc7 axb5 20. Rxe7 Bc6 21. Rxg7+ Kf8 22. Rc7 Rd7 23. Rc8+ Ke7 24. Rc1 Bb7 25. R8c7 Nd6 26. Bxd6+ Kxd6 27. Rxd7+ Kxd7 28. Bxf5+ Kd8 29. Bd3 1-0

[Event "FIDE World Junior U20-ch Girls 2025"]
[Site "Petrovac"]
[Date "2025.02.28"]
[Round "3.34"]
[White "Guo, Hanxi"]
[Black "Mrittika Mallick"]
[Result "1/2-1/2"]
[Annotator "ChessBase"]
[ECO "B92"]
[WhiteElo "1854"]
[BlackElo "2058"]
[PlyCount "156"]
[EventDate "2025.02.23"]
[EventType "swiss"]
[EventCountry "MNE"]
[SourceTitle "playchess.com"]
[Source "ChessBase"]
[SourceQuality "1"]
[TimeControl "40/5400+30:1800+30"]

1. e4 c5 2. Nf3 d6 3. d4 cxd4 4. Nxd4 Nf6 5. Nc3 a6 6. Be2 e5 7. Nb3 Be7 8. O-O O-O 9. Be3 Be6 10. Qd3 Nc6 11. Rfd1 Rc8 12. Bf3 Qc7 13. a4 Na5 14. Nxa5 Qxa5 15. Qd2 Qb4 16. Nd5 Nxd5 17. exd5 Qxd2 18. Rxd2 Bd7 19. Be2 f5 20. c4 f4 21. Bb6 e4 22. Bf1 Bf6 23. a5 Bf5 24. Re1 Rfe8 25. Bd4 Bg5 26. b4 e3 27. fxe3 fxe3 28. Rb2 Re4 29. Bb6 Rce8 30. Bd3 R4e5 31. Bxf5 Rxf5 32. Rbe2 Rfe5 33. Bc7 Re4 34. c5 Rxb4 35. cxd6 Rd4 36. d7 Rf8 37. d6 Rdf4 38. Bb6 R4f7 39. Bxe3 Bxe3+ 40. Rxe3 Rxd7 41. Re7 Rxd6 42. Rxb7 h5 43. h3 Rf5 44. Rb6 Rd2 45. Rg6 Kf7 46. Rxa6 Rg5 47. Rf1+ Ke7 48. Rf2 Rd1+ 49. Kh2 h4 50. Ra7+ Ke8 51. Rf4 Rd2 52. Rg4 Rxg4 53. hxg4 Kf8 54. a6 Ra2 55. g5 g6 56. Kh3 Ra4 57. g3 Ra3 58. Kxh4 Ra4+ 59. g4 Ra3 60. Rd7 Rxa6 61. Kg3 Ra4 62. Kf3 Rb4 63. Rd6 Kg7 64. Re6 Rb7 65. Kf4 Ra7 66. Rd6 Re7 67. Rd4 Kf7 68. Rd5 Kg7 69. Re5 Ra7 70. Re4 Rb7 71. Rd4 Re7 72. Rd6 Kf7 73. Rb6 Kg7 74. Rb4 Kf7 75. Ra4 Kg7 76. Re4 Ra7 77. Re6 Ra4+ 78. Re4 Ra7 1/2-1/2

[Event "FIDE World Junior U20-ch Girls 2025"]
[Site "Petrovac"]
[Date "2025.02.28"]
[Round "3.35"]
[White "Peglau, Charis"]
[Black "Popovic, Mateja"]
[Result "1-0"]
[Annotator "ChessBase"]
[ECO "A07"]
[WhiteElo "2203"]
[BlackElo "1917"]
[PlyCount "45"]
[EventDate "2025.02.23"]
[EventType "swiss"]
[EventCountry "MNE"]
[SourceTitle "playchess.com"]
[Source "ChessBase"]
[SourceQuality "1"]
[TimeControl "40/5400+30:1800+30"]

1. Nf3 d5 2. g3 e6 3. Bg2 Nf6 4. O-O b6 5. c4 Bb7 6. d4 dxc4 7. Qa4+ Nbd7 8. Nc3 c5 9. Rd1 cxd4 10. Nxd4 Bxg2 11. Kxg2 Qc7 12. Bg5 Be7 13. Bxf6 gxf6 14. Kg1 O-O 15. Nxe6 fxe6 16. Rxd7 Qc5 17. Ne4 Qb4 18. Qc6 Rae8 19. Qxe6+ Kh8 20. Rad1 f5 21. Qe5+ Kg8 22. Nd6 Bxd6 23. Qg7# 1-0

[Event "FIDE World Junior U20-ch Girls 2025"]
[Site "Petrovac"]
[Date "2025.02.28"]
[Round "3.36"]
[White "Mickunaite, Agne"]
[Black "Bochnickova, Simona"]
[Result "1/2-1/2"]
[Annotator "ChessBase"]
[ECO "A21"]
[WhiteElo "1918"]
[BlackElo "2171"]
[PlyCount "105"]
[EventDate "2025.02.23"]
[EventType "swiss"]
[EventCountry "MNE"]
[SourceTitle "playchess.com"]
[Source "ChessBase"]
[SourceQuality "1"]
[TimeControl "40/5400+30:1800+30"]

1. c4 e5 2. Nc3 Bb4 3. Nd5 Be7 4. Nf3 d6 5. g3 Nf6 6. Nc3 O-O 7. Bg2 Re8 8. O-O c5 9. d3 Nc6 10. a3 h6 11. Rb1 a5 12. b3 d5 13. cxd5 Nxd5 14. Nxd5 Qxd5 15. Bb2 Qe6 16. Nd2 Ra6 17. Ne4 Nd4 18. Bc3 Bd7 19. e3 Nc6 20. Qc2 Rc8 21. Rfc1 f5 22. Nd2 b5 23. Bb2 Qd6 24. Qd1 a4 25. bxa4 Rxa4 26. Nb3 Nb8 27. d4 exd4 28. exd4 c4 29. Nc5 Ra7 30. Nxd7 Qxd7 31. Qf3 Bf6 32. Rd1 Kh8 33. Rbc1 Nc6 34. d5 Ne5 35. Bxe5 Bxe5 36. Bh3 Rf8 37. Rb1 c3 38. Qe2 Rxa3 39. Rdc1 Qxd5 40. Qxb5 Qd6 41. Qb4 f4 42. Qxd6 Bxd6 43. Rc2 fxg3 44. hxg3 Bc5 45. Kg2 g5 46. Be6 Ra6 47. Bd5 Rd6 48. Be4 g4 49. Rxc3 Rxf2+ 50. Kh1 Bb6 51. Rc6 Rxc6 52. Bxc6 Bc7 53. Rb3 1/2-1/2

[Event "FIDE World Junior U20-ch Girls 2025"]
[Site "Petrovac"]
[Date "2025.02.28"]
[Round "3.37"]
[White "Vujatovic, Irina"]
[Black "Hernandez Diaz, Paula Sofia"]
[Result "1/2-1/2"]
[Annotator "ChessBase"]
[ECO "B51"]
[WhiteElo "2042"]
[BlackElo "1972"]
[PlyCount "101"]
[EventDate "2025.02.23"]
[EventType "swiss"]
[EventCountry "MNE"]
[SourceTitle "playchess.com"]
[Source "ChessBase"]
[SourceQuality "1"]
[TimeControl "40/5400+30:1800+30"]

1. e4 c5 2. Nf3 d6 3. Bb5+ Nd7 4. O-O a6 5. Bxd7+ Bxd7 6. Re1 Nf6 7. e5 dxe5 8. Nxe5 e6 9. d3 Be7 10. Qf3 Qc8 11. a4 O-O 12. a5 Nd5 13. Na3 f6 14. Nxd7 Qxd7 15. Qe4 e5 16. f4 Rae8 17. fxe5 fxe5 18. Nc4 Bf6 19. Bd2 Re7 20. Ne3 Nxe3 21. Bxe3 Rc8 22. Ra4 Re6 23. Rc4 Rec6 24. Ra1 Qd6 25. g4 h6 26. Rf1 Rf8 27. Kg2 Rf7 28. Rf5 g6 29. Rf3 Bg7 30. Rxf7 Kxf7 31. Rc3 Bf8 32. Rb3 Qd7 33. h3 Kf6 34. Bf2 Qc7 35. Bg3 Bd6 36. Qc4 b5 37. axb6 Rxb6 38. Rxb6 Qxb6 39. Qd5 a5 40. b3 Qa6 41. Bh4+ g5 42. Bf2 Qb6 43. h4 Qc7 44. hxg5+ hxg5 45. Be3 Qd7 46. Kf3 Qe7 47. Qg8 e4+ 48. dxe4 Bf4 49. Bxf4 gxf4 50. g5+ Ke5 51. Qd5# 1/2-1/2

[Event "FIDE World Junior U20-ch Girls 2025"]
[Site "Petrovac"]
[Date "2025.02.28"]
[Round "3.38"]
[White "Radenkovic, Mila"]
[Black "Avetisyan, Ani"]
[Result "0-1"]
[Annotator "ChessBase"]
[ECO "A07"]
[WhiteElo "2027"]
[BlackElo "1904"]
[PlyCount "80"]
[EventDate "2025.02.23"]
[EventType "swiss"]
[EventCountry "MNE"]
[SourceTitle "playchess.com"]
[Source "ChessBase"]
[SourceQuality "1"]
[TimeControl "40/5400+30:1800+30"]

1. Nf3 d5 2. g3 Nd7 3. Bg2 e5 4. d3 Ngf6 5. O-O Bd6 6. Nbd2 O-O 7. e4 c6 8. c3 a5 9. a4 Qc7 10. Qc2 Re8 11. Re1 Nf8 12. Nf1 Be6 13. Ne3 h6 14. Nh4 N8d7 15. Bd2 Rad8 16. Rad1 Bf8 17. b4 dxe4 18. dxe4 Ng4 19. Nxg4 Bxg4 20. f3 Be6 21. Bf1 Nb6 22. Ng2 Nc4 23. Bxc4 Bxc4 24. Be3 b5 25. axb5 cxb5 26. bxa5 Qxa5 27. Ra1 Qc7 28. Qf2 Rd3 29. Rec1 Bb3 30. Qb2 Qc4 31. Kf2 Rc8 32. g4 Ba4 33. Kg3 Rxc3 34. Bd2 Rc2 35. Qxe5 Qd3 36. Bf4 Rxc1 37. Rxc1 Rxc1 38. g5 Rc5 39. Qe8 hxg5 40. Be3 Qd6+ 0-1

[Event "FIDE World Junior U20-ch Girls 2025"]
[Site "Petrovac"]
[Date "2025.02.28"]
[Round "3.39"]
[White "Romany, Joy"]
[Black "Morales Perez, Ghisell"]
[Result "1/2-1/2"]
[Annotator "ChessBase"]
[ECO "A57"]
[WhiteElo "2025"]
[BlackElo "1902"]
[PlyCount "118"]
[EventDate "2025.02.23"]
[EventType "swiss"]
[EventCountry "MNE"]
[SourceTitle "playchess.com"]
[Source "ChessBase"]
[SourceQuality "1"]
[TimeControl "40/5400+30:1800+30"]

1. d4 Nf6 2. c4 c5 3. d5 b5 4. cxb5 a6 5. e3 e6 6. dxe6 fxe6 7. Nc3 d5 8. Nf3 Bd6 9. e4 Bc7 10. e5 Ne4 11. Nxe4 dxe4 12. Qxd8+ Bxd8 13. Ng5 Bxg5 14. Bxg5 Nd7 15. Bf4 O-O 16. Bg3 Rf5 17. bxa6 Bxa6 18. Bxa6 Rxa6 19. Ke2 Nxe5 20. Bxe5 Rxe5 21. Rhc1 Ra4 22. Rc2 c4 23. a3 Kf7 24. Rd1 Rd5 25. Rdc1 Rb5 26. Rd2 Rd5 27. Kd1 Kf6 28. Rc3 Ke5 29. Rg3 g6 30. Rg5+ Kd6 31. Kc2 Kc5 32. Rg4 c3 33. Re2 cxb2 34. Kxb2 Rdd4 35. Rg5+ Kd6 36. Rb5 Rd3 37. Rb3 Rdd4 38. Rc2 Rd5 39. Rb4 Ra6 40. Rxe4 Rd3 41. a4 Rb6+ 42. Kc1 Rbb3 43. Rec4 Ra3 44. Rc6+ Kd5 45. R6c5+ Kd6 46. a5 Ra1+ 47. Kb2 Rda3 48. Rc6+ Kd5 49. Rc8 R1a2+ 50. Kc1 Rxa5 51. Rd2+ Rxd2 52. Kxd2 Ke5 53. g3 Ra2+ 54. Ke3 Kf6 55. h4 h5 56. Rf8+ Kg7 57. Rf4 Ra5 58. Re4 Kf6 59. Re5 Kxe5 1/2-1/2

[Event "FIDE World Junior U20-ch Girls 2025"]
[Site "Petrovac"]
[Date "2025.02.28"]
[Round "3.40"]
[White "Sovetbekova, Nurai"]
[Black "Imomkuzieva, Nilufarkhon"]
[Result "0-1"]
[Annotator "ChessBase"]
[ECO "D80"]
[WhiteElo "1940"]
[BlackElo "1983"]
[PlyCount "108"]
[EventDate "2025.02.23"]
[EventType "swiss"]
[EventCountry "MNE"]
[SourceTitle "playchess.com"]
[Source "ChessBase"]
[SourceQuality "1"]
[TimeControl "40/5400+30:1800+30"]

1. d4 Nf6 2. c4 g6 3. Nc3 d5 4. Bg5 Ne4 5. Bh4 Nxc3 6. bxc3 dxc4 7. e3 Qd5 8. Be2 Bg7 9. Nf3 c6 10. a4 Bg4 11. h3 Bxf3 12. Bxf3 Qa5 13. Qc2 Nd7 14. O-O Rc8 15. Rfb1 b6 16. Be2 e5 17. Bxc4 exd4 18. cxd4 O-O 19. Be7 Rfe8 20. Bb4 Qg5 21. Qb3 Qf6 22. Rc1 c5 23. Bc3 Qf5 24. d5 Bxc3 25. Rxc3 Nf6 26. Rc2 Red8 27. Rd1 Ne4 28. f3 Nd6 29. e4 Qf4 30. Re1 Re8 31. Qc3 Re5 32. Qe3 Qxe3+ 33. Rxe3 f5 34. Ree2 fxe4 35. fxe4 Rce8 36. Bd3 Nxe4 37. a5 Nd6 38. Rxe5 Rxe5 39. axb6 axb6 40. Rb2 c4 41. Be2 c3 42. Rc2 b5 43. Rxc3 Rxe2 44. Rc6 Nf5 45. Rb6 Rb2 46. d6 Kf7 47. Rb7+ Ke6 48. d7 Ke7 49. g4 Nd4 50. d8=Q+ Kxd8 51. Rxh7 b4 52. Rb7 b3 53. Kf1 Ra2 54. Rb4 b2 0-1

[Event "FIDE World Junior U20-ch Girls 2025"]
[Site "Petrovac"]
[Date "2025.02.28"]
[Round "3.41"]
[White "Shuqja, Klean"]
[Black "Djendjinovic, Ines"]
[Result "1/2-1/2"]
[Annotator "ChessBase"]
[ECO "B10"]
[WhiteElo "2049"]
[BlackElo "1841"]
[PlyCount "93"]
[EventDate "2025.02.23"]
[EventType "swiss"]
[EventCountry "MNE"]
[SourceTitle "playchess.com"]
[Source "ChessBase"]
[SourceQuality "1"]
[TimeControl "40/5400+30:1800+30"]

1. e4 c6 2. c4 d5 3. exd5 cxd5 4. cxd5 Nf6 5. Qa4+ Nbd7 6. Nc3 g6 7. Nf3 Bg7 8. Bc4 a6 9. Qa3 O-O 10. O-O Rb8 11. Bb3 b5 12. Qb4 a5 13. Qh4 Nc5 14. d4 Nxb3 15. axb3 b4 16. Ne4 Qxd5 17. Nxf6+ Bxf6 18. Bg5 Bxg5 19. Nxg5 h5 20. Rfe1 Bb7 21. Qg3 Qxd4 22. Rxe7 Qxb2 23. Rae1 Bd5 24. Ne4 Bxe4 25. R7xe4 Rbc8 26. f4 Rc3 27. Qg5 Rc1 28. h3 Rxe1+ 29. Rxe1 Qxb3 30. Qxa5 Qc3 31. Rf1 Rc8 32. f5 Qc5+ 33. Qxc5 Rxc5 34. fxg6 fxg6 35. Rf6 Kg7 36. Rb6 Rc4 37. Kf2 Kh6 38. Rb5 Rc2+ 39. Kf3 Rc3+ 40. Kf2 b3 41. h4 Rc2+ 42. Kf3 b2 43. Rb7 Rd2 44. g3 Rc2 45. Ke3 Rc3+ 46. Kf4 Rc2 47. Kf3 1/2-1/2

[Event "FIDE World Junior U20-ch Girls 2025"]
[Site "Petrovac"]
[Date "2025.02.28"]
[Round "3.42"]
[White "Blauhut, Anna"]
[Black "Canino, Ruelle"]
[Result "0-1"]
[Annotator "ChessBase"]
[ECO "B06"]
[WhiteElo "1837"]
[BlackElo "2179"]
[PlyCount "56"]
[EventDate "2025.02.23"]
[EventType "swiss"]
[EventCountry "MNE"]
[SourceTitle "playchess.com"]
[Source "ChessBase"]
[SourceQuality "1"]
[TimeControl "40/5400+30:1800+30"]

1. e4 g6 2. d4 Bg7 3. Nc3 d6 4. Be3 Nd7 5. Qd2 a6 6. h4 h5 7. Nh3 Ngf6 8. Ng5 e6 9. O-O-O b5 10. Be2 Bb7 11. f3 c5 12. dxc5 dxc5 13. Bxc5 Nxc5 14. Qxd8+ Rxd8 15. Rxd8+ Kxd8 16. Nxf7+ Ke7 17. Nxh8 Bxh8 18. a3 Nfd7 19. Na2 Be5 20. b3 Nb8 21. b4 Na4 22. c4 Nc6 23. Kb1 Nd4 24. Bd3 Bf4 25. Nc1 e5 26. cxb5 axb5 27. Ka2 Bc8 28. Ka1 Bxc1 0-1

[Event "FIDE World Junior U20-ch Girls 2025"]
[Site "Petrovac"]
[Date "2025.02.28"]
[Round "3.43"]
[White "Kaloki, Zuri"]
[Black "Karacsonyi, Luca"]
[Result "0-1"]
[Annotator "ChessBase"]
[ECO "B22"]
[WhiteElo "1784"]
[BlackElo "2026"]
[PlyCount "142"]
[EventDate "2025.02.23"]
[EventType "swiss"]
[EventCountry "MNE"]
[SourceTitle "playchess.com"]
[Source "ChessBase"]
[SourceQuality "1"]
[TimeControl "40/5400+30:1800+30"]

1. e4 c5 2. c3 d5 3. exd5 Qxd5 4. d4 Nc6 5. Nf3 Bg4 6. Be2 cxd4 7. cxd4 e6 8. O-O Nf6 9. Nc3 Qa5 10. h3 Bh5 11. Bf4 Be7 12. a3 O-O 13. b4 Qd8 14. Be5 Rc8 15. Rc1 Nd7 16. Bf4 Nb6 17. Be3 Bf6 18. g4 Bg6 19. Qd2 Nd5 20. Nxd5 Qxd5 21. Rc5 Qd7 22. d5 exd5 23. Rxd5 Qe6 24. Rc5 Rfd8 25. Qc1 Be4 26. Ng5 Bxg5 27. Bxg5 Nd4 28. Qe3 Rxc5 29. Bxd8 Nxe2+ 30. Qxe2 Rc8 31. Re1 Bd5 32. Qxe6 fxe6 33. Bg5 Rc3 34. Re3 Rc1+ 35. Kh2 h6 36. Be7 Rh1+ 37. Kg3 g5 38. f3 Kf7 39. Bc5 b6 40. Bd4 Rd1 41. Be5 Bc4 42. Rc3 b5 43. Bb8 a6 44. Ba7 Rd2 45. Be3 Ra2 46. f4 Kg6 47. fxg5 hxg5 48. Bf2 Bd5 49. Re3 Kf6 50. Rc3 e5 51. Re3 Ke6 52. Rc3 Bh1 53. Re3 e4 54. Rc3 Kd6 55. Bc5+ Ke6 56. Bf2 Kd7 57. Kh2 Rxf2+ 58. Kxh1 Kd6 59. Kg1 Rf4 60. Kg2 Kd5 61. Rc5+ Kd4 62. Rc6 e3 63. Rd6+ Kc3 64. Rc6+ Kd2 65. Rd6+ Ke1 66. Rd5 e2 67. Rd3 Rf2+ 68. Kg1 Rf6 69. Kg2 Rc6 70. Rd8 Rc2 71. Rd5 Rd2 0-1

[Event "FIDE World Junior U20-ch Girls 2025"]
[Site "Petrovac"]
[Date "2025.02.28"]
[Round "3.44"]
[White "Li, Anna Sofie"]
[Black "Djukic, Katarina"]
[Result "1/2-1/2"]
[Annotator "ChessBase"]
[ECO "B56"]
[WhiteElo "2016"]
[BlackElo "1786"]
[PlyCount "121"]
[EventDate "2025.02.23"]
[EventType "swiss"]
[EventCountry "MNE"]
[SourceTitle "playchess.com"]
[Source "ChessBase"]
[SourceQuality "1"]
[TimeControl "40/5400+30:1800+30"]

1. e4 c5 2. Nf3 d6 3. d4 cxd4 4. Nxd4 Nf6 5. Nc3 Nc6 6. f3 e5 7. Nb3 Be6 8. Be3 d5 9. exd5 Nxd5 10. Nxd5 Qxd5 11. Qxd5 Bxd5 12. c4 Bb4+ 13. Kf2 Be6 14. Nc5 Bc8 15. a3 Ba5 16. g4 Bc7 17. Bd3 O-O 18. Be4 Bb6 19. Rhd1 Rd8 20. b4 Nd4 21. Bxd4 exd4 22. Nxb7 Bxb7 23. Bxb7 Rab8 24. Bd5 a5 25. Rab1 Kf8 26. Be4 Bc7 27. c5 Bxh2 28. b5 Rdc8 29. Rdc1 Bf4 30. Rc2 Be3+ 31. Kf1 d3 32. Bxd3 Rxc5 33. Rxc5 Bxc5 34. a4 Ke7 35. Rc1 Kd6 36. Be4 h6 37. Ke2 f6 38. f4 g5 39. Kf3 Rc8 40. Rh1 Rh8 41. Bc6 Kc7 42. Ke4 Rd8 43. Bd5 gxf4 44. Rxh6 Rd6 45. Rh7+ Rd7 46. Rh6 Rd6 47. Rh5 Be3 48. Kd3 Rd7 49. Kc4 Rg7 50. Bf3 Rd7 51. Rd5 Rxd5 52. Kxd5 Kb6 53. Ke4 Bc1 54. Kf5 Bb2 55. Kxf4 Be5+ 56. Kf5 Bc3 57. Ke6 Bd4 58. Kd5 Bc3 59. Ke6 Bd4 60. Kd5 Bc3 61. Ke6 1/2-1/2

[Event "FIDE World Junior U20-ch Girls 2025"]
[Site "Petrovac"]
[Date "2025.02.28"]
[Round "3.45"]
[White "Saraci, Rinesa"]
[Black "Ostensson, Julia"]
[Result "0-1"]
[Annotator "ChessBase"]
[ECO "E97"]
[WhiteElo "1751"]
[BlackElo "1979"]
[PlyCount "98"]
[EventDate "2025.02.23"]
[EventType "swiss"]
[EventCountry "MNE"]
[SourceTitle "playchess.com"]
[Source "ChessBase"]
[SourceQuality "1"]
[TimeControl "40/5400+30:1800+30"]

1. d4 Nf6 2. c4 g6 3. Nc3 Bg7 4. e4 d6 5. Be2 O-O 6. Nf3 e5 7. O-O Nc6 8. h3 exd4 9. Nxd4 Bd7 10. Be3 Re8 11. Bf3 Ne5 12. Be2 Bc6 13. f4 Ned7 14. Nxc6 bxc6 15. Bf3 Qe7 16. Re1 Rab8 17. Rb1 Nb6 18. Qe2 Qe6 19. b3 Nfd7 20. Rbc1 c5 21. Nb5 c6 22. Nc7 Qe7 23. Nxe8 Rxe8 24. Qd2 Qf6 25. Rcd1 Bf8 26. Bf2 h6 27. Bg4 Re7 28. Bf3 Re8 29. Bg3 Qe7 30. f5 Ne5 31. Bxe5 Qxe5 32. fxg6 fxg6 33. Qf2 Bg7 34. Re2 Qe7 35. Qg3 Bd4+ 36. Kh1 Kh7 37. Rf1 Nd7 38. Qf4 Rf8 39. Qc1 Ne5 40. Qc2 Qh4 41. Qc1 Nd3 42. Qd2 Be5 43. g3 Qxh3+ 44. Kg1 Bd4+ 45. Re3 Qxg3+ 46. Kh1 Qh3+ 47. Kg1 Rxf3 48. Rfxf3 Qxf3 49. Qxd3 Bxe3+ 0-1

[Event "FIDE World Junior U20-ch Girls 2025"]
[Site "Petrovac"]
[Date "2025.02.28"]
[Round "3.46"]
[White "Petricenco, Ana"]
[Black "Sele, Timea"]
[Result "1-0"]
[Annotator "ChessBase"]
[ECO "C60"]
[WhiteElo "1973"]
[BlackElo "1678"]
[PlyCount "59"]
[EventDate "2025.02.23"]
[EventType "swiss"]
[EventCountry "MNE"]
[SourceTitle "playchess.com"]
[Source "ChessBase"]
[SourceQuality "1"]
[TimeControl "40/5400+30:1800+30"]

1. e4 e5 2. Nf3 Nc6 3. Bb5 g6 4. O-O Bg7 5. c3 a6 6. Ba4 Nge7 7. d4 exd4 8. cxd4 b5 9. Bb3 Na5 10. Bc2 O-O 11. Nc3 d5 12. exd5 Nxd5 13. Ne4 h6 14. h3 Re8 15. Nc5 Nc4 16. Re1 Nd6 17. Bb3 c6 18. Ne5 Qc7 19. Bd2 Nb7 20. Ncd3 Bd7 21. Qf3 Be6 22. Rac1 Nd8 23. Bxd5 Bxd5 24. Qxd5 Re6 25. Qf3 Rf6 26. Qd1 Qd6 27. Ng4 Re6 28. Nxh6+ Kh7 29. Rxe6 Qxe6 30. Ng4 1-0